Map: Deathaura LE

Players

Zaechus - Winner!

  • Race: Zerg Zerg
  • League: Diamond
  • Spawn Location: 5:00

Keysersoze

  • Race: Terran Terran
  • League: Diamond
  • Spawn Location: 11:00

VOD

Have the link to the VOD?

Description

Time

  • Played on: Aug. 3, 2020, 8:02 p.m.
  • Length: 27:14
Show
View Real Time Build Order
Export as new Build Order

Zaechus Zerg - Winner!

Build Orders: Hatch First 

Get SALT Encoding   

  12  0:00  Drone  
  13  0:12  Overlord  
  13  0:16  Drone  
  14  0:30  Drone x2  
  14  0:34  Drone  
  17  0:51  Hatchery  
  17  0:54  Drone  
  17  1:09  Extractor  
  17  1:10  Drone  
  17  1:13  Spawning Pool  
  17  1:18  Drone  
  17  1:19  Drone  
  18  1:27  Drone  
  19  1:45  Drone  
  20  1:52  Overlord  
  20  2:01  Zergling x2  
  21  2:02  Queen  
  21  2:03  Queen  
  21  2:04  Zergling x2  
  26  2:10  Drone  
  26  2:13  Drone  
  26  2:14  Metabolic Boost  
  28  2:31  Hatchery  
  27  2:40  Queen  
  29  2:45  Drone  
  30  2:53  Overlord  
  30  2:56  Drone x3  
  33  3:02  Drone  
  33  3:04  Drone  
  35  3:14  Overlord  
  35  3:24  Zergling x2, Drone  
  35  3:25  Zergling x4  
  35  3:26  Drone x3  
  42  3:33  Lair  
  42  3:45  Baneling Nest  
  41  3:48  Evolution Chamber  
  41  3:52  Evolution Chamber  
  41  3:53  Drone x4  
  41  3:54  Drone  
  44  4:01  Zergling x6  
  47  4:06  Queen  
  49  4:11  Drone x2  
  49  4:14  Zergling x4  
  53  4:21  Zerg Melee Weapons Level 1  
  53  4:23  Overlord  
  53  4:26  Zerg Missile Weapons Level 1  
  53  4:42  Drone x10  
  63  4:51  Overlord x2  
  63  5:07  Hatchery  
  63  5:09  Drone x7  
  63  5:12  Zergling x4  
  63  5:14  Baneling x4  
  71  5:15  Baneling  
  71  5:32  Drone x11  
  71  5:34  Overlord x2  
  82  6:05  Drone  
  82  6:06  Extractor  
  82  6:07  Drone x16  
  82  6:09  Overlord  
  82  6:11  Extractor  
  96  6:13  Extractor  
  95  6:20  Zergling x2, Extractor  
  95  6:21  Zergling x2  
  95  6:25  Extractor  
  95  6:26  Zergling x2  
  95  6:29  Zergling x2, Drone  
  95  6:30  Zergling x12  
  97  6:40  Zergling x10  
  97  6:42  Queen x2  
  97  6:43  Queen  
  97  6:46  Hydralisk Den, Drone x2  
  99  7:18  Queen x2  
  101  7:41  Queen  
  94  7:50  Drone x8  
  91  7:57  Queen  
  89  7:59  Overlord x4  
  89  8:08  Queen  
  87  8:14  Drone x2  
  87  8:15  Overlord x2  
  87  8:32  Drone x5  
  92  8:38  Hatchery  
  91  8:52  Hatchery  
  90  9:00  Drone x2  
  92  9:05  Drone x2  
  92  9:06  Drone  
  92  9:07  Drone x2  
  97  9:17  Zerg Missile Weapons Level 2  
  97  9:18  Zerg Melee Weapons Level 2  
  97  9:21  Infestation Pit, Muscular Augments  
  97  9:22  Overlord x10  
  96  9:28  Queen  
  98  9:46  Drone x4  
  98  9:47  Drone x7  
  98  9:51  Centrifical Hooks  
  109  9:58  Drone x3  
  109  9:59  Drone  
  113  10:00  Hydralisk  
  113  10:01  Hydralisk x6  
  127  10:23  Drone x5  
  127  10:24  Hydralisk, Drone  
  127  10:25  Hydralisk x7  
  149  10:32  Grooved Spines  
  149  10:40  Overlord x2  
  149  10:42  Pneumatized Carapace  
  149  11:02  Hive  
  149  11:11  Hydralisk x5  
  149  11:13  Zergling x32  
  175  11:26  Hatchery  
  175  11:31  Hydralisk x6, Drone  
  187  11:33  Zergling x4  
  189  11:44  Zergling x2  
  189  11:45  Zergling x10  
  195  11:50  Zergling x4  
  181  11:58  Zergling x10  
  179  12:04  Zergling x2  
  179  12:09  Zergling x16  
  187  12:22  Zerg Melee Weapons Level 3, Zerg Missile Weapons Level 3  
  187  12:24  Adrenal Glands  
  187  12:26  Zergling x16  
  187  12:28  Zergling x4  
  196  12:34  Overseer x2  
  194  12:37  Zergling x12  
  194  12:40  Baneling x3  
  185  12:54  Zergling x32  
  183  13:02  Hydralisk x5  
  181  13:11  Hydralisk x10  
  200  13:24  Lair  
  198  13:27  Hydralisk  
  200  13:34  Hatchery  
  200  13:36  Hatchery  
  200  13:37  Hatchery  
  200  13:39  Hatchery  
  196  13:41  Hatchery  
  195  13:56  Drone x5  
  200  14:05  Hatchery  
  199  14:11  Hatchery  
  199  14:20  Zergling x2  
  200  14:26  Hatchery  
  194  14:55  Zergling x22  
  184  15:05  Zergling x2  
  184  15:06  Zergling x44  
  195  15:17  Hydralisk x10  
  197  15:46  Zerg Ground Armor Level 1  
  197  15:47  Hydralisk  
  199  15:55  Zergling x2  
  199  15:56  Zergling x18  
  197  16:05  Overlord x2  
  197  16:06  Overseer x3  
  197  16:24  Drone x2  
  197  16:42  Zergling x14  
  185  16:50  Zergling x2  
  185  16:51  Zergling x66  
  181  16:57  Zergling x62  
  200  17:02  Baneling x14  
  190  17:13  Hydralisk  
  190  17:14  Hydralisk x4  
  200  17:16  Baneling x2  
  200  17:17  Baneling x7  
  200  17:18  Baneling x5  
  200  17:19  Baneling x2  
  200  17:20  Baneling x13  
  200  17:22  Baneling x4  
  186  17:48  Hydralisk x20  
  178  17:59  Zergling x42  
  199  18:30  Extractor  
  199  18:31  Extractor  
  193  18:47  Zergling x38  
  193  18:48  Zergling x8  
  199  18:53  Overseer x2  
  199  18:54  Overseer  
  199  18:55  Overlord x2  
  193  19:01  Drone x2  
  194  19:12  Zergling x12  
  200  19:31  Zerg Ground Armor Level 2  
  188  19:39  Hatchery  
  188  19:43  Hydralisk  
  188  19:44  Hydralisk x5  
  185  20:14  Drone x6  
  166  20:15  Drone x7  
  166  20:16  Drone x4  
  166  20:17  Drone x7  
  166  20:18  Drone  
  166  20:20  Queen  
  182  20:29  Drone x4  
  182  20:30  Drone x7  
  184  20:56  Hydralisk x7, Drone  
  197  21:08  Hatchery  
  180  21:18  Zergling x56  
  192  21:33  Drone x8  
  192  21:34  Drone  
  200  21:58  Zergling x18  
Show
View Real Time Build Order
Export as new Build Order

Keysersoze Terran 

Build Orders: 2 Factory, Command Center First (CC), Mech 

Get SALT Encoding   

  12  0:00  SCV  
  13  0:12  SCV  
  14  0:17  Supply Depot  
  14  0:26  SCV  
  15  0:46  SCV  
  16  0:57  Command Center  
  16  1:02  SCV  
  17  1:08  Refinery  
  17  1:14  SCV  
  18  1:21  Barracks  
  18  1:26  SCV  
  19  1:33  Refinery  
  19  1:38  SCV  
  20  1:52  SCV  
  21  2:04  SCV  
  22  2:10  Marine  
  22  2:11  Orbital Command, Factory  
  23  2:20  Orbital Command  
  23  2:28  Marine  
  24  2:33  Bunker  
  24  2:41  SCV  
  25  2:46  SCV  
  25  2:48  Marine  
  27  2:53  SCV  
  27  2:58  Factory  
  28  2:59  SCV, Factory Tech Lab  
  29  3:07  SCV, Supply Depot  
  29  3:11  SCV, Marine  
  32  3:19  SCV, Siege Tank  
  36  3:24  SCV  
  37  3:35  SCV, Supply Depot  
  37  3:36  SCV  
  37  3:39  Barracks Tech Lab  
  39  3:42  Starport  
  39  3:43  Factory Tech Lab  
  39  3:47  SCV  
  40  3:53  SCV  
  40  3:54  Supply Depot  
  41  3:57  Supply Depot  
  41  4:00  SCV  
  42  4:09  SCV  
  43  4:11  Command Center  
  43  4:15  SCV  
  43  4:16  Refinery  
  44  4:17  Refinery  
  44  4:21  Hellion  
  44  4:23  Starport Reactor  
  46  4:26  SCV  
  46  4:27  SCV  
  46  4:28  Supply Depot  
  46  4:30  Mag-Field Accelerator  
  48  4:35  Marine  
  48  4:36  Cyclone  
  52  4:40  SCV  
  52  4:45  Cyclone  
  56  4:46  SCV  
  57  4:53  Armory, Marine  
  57  4:54  SCV  
  57  4:58  SCV  
  60  5:00  Liberator  
  60  5:03  Supply Depot  
  60  5:06  SCV  
  64  5:10  Liberator  
  64  5:11  SCV  
  64  5:13  Marine  
  69  5:18  SCV, Hellion  
  72  5:24  SCV  
  72  5:25  Supply Depot  
  72  5:28  Hellion  
  75  5:29  SCV  
  75  5:30  SCV, Marine  
  78  5:36  SCV  
  78  5:39  Engineering Bay  
  78  5:41  SCV  
  80  5:43  Medivac, Siege Tank  
  80  5:46  SCV  
  80  5:48  SCV  
  87  5:51  Supply Depot  
  87  5:53  Liberator  
  90  5:59  Orbital Command  
  90  6:04  Cyclone  
  93  6:14  Missile Turret  
  93  6:15  Cyclone, Missile Turret  
  93  6:16  SCV  
  93  6:17  SCV  
  98  6:19  Factory  
  98  6:27  Missile Turret  
  98  6:28  SCV  
  93  6:43  Cyclone  
  93  6:45  SCV x2  
  90  6:47  Cyclone  
  90  6:49  Supply Depot, Marine  
  92  6:55  Orbital Command  
  92  7:03  Combat Shield  
  92  7:06  Factory Reactor  
  92  7:07  Marine  
  93  7:13  SCV  
  93  7:14  SCV, Command Center, Factory  
  93  7:15  Cyclone  
  98  7:25  Marine  
  98  7:26  SCV x2  
  101  7:39  Siege Tank  
  101  7:43  Marine  
  105  7:47  Siege Tank  
  99  7:57  SCV x3  
  98  8:02  Hellion x2  
  102  8:09  SCV  
  102  8:10  SCV x2  
  102  8:11  Hellion, Siege Tank  
  98  8:17  Liberator  
  98  8:19  Refinery, Siege Tank  
  104  8:21  SCV  
  104  8:22  SCV x2, Refinery  
  104  8:23  Hellion x2  
  108  8:28  Orbital Command  
  108  8:32  Hellion, Missile Turret  
  108  8:34  SCV x3, Missile Turret  
  113  8:35  Missile Turret  
  113  8:36  Starport  
  113  8:38  Starport  
  113  8:44  Hellion, Barracks  
  113  8:45  Hellion, Barracks  
  113  8:46  SCV  
  118  8:50  Medivac  
  118  8:53  Siege Tank  
  123  8:59  Supply Depot x2  
  123  9:00  Supply Depot  
  123  9:01  Missile Turret  
  123  9:04  Missile Turret  
  123  9:07  Hi-Sec Auto Tracking  
  123  9:09  Missile Turret  
  123  9:10  Terran Ship Weapons Level 1  
  123  9:18  Starport  
  123  9:19  Starport Tech Lab x2  
  123  9:23  Command Center  
  123  9:24  Missile Turret  
  123  9:29  Sensor Tower  
  123  9:30  Command Center  
  123  9:34  Supply Depot, Missile Turret  
  123  9:36  Supply Depot  
  123  9:37  SCV  
  123  9:38  SCV  
  125  9:44  Barracks Tech Lab x2  
  125  9:46  Raven  
  127  10:00  Factory Tech Lab, Command Center, Siege Tank x2  
  127  10:01  Missile Turret  
  127  10:03  Smart Servos  
  127  10:05  Missile Turret x2  
  127  10:06  Missile Turret, Marine x2  
  127  10:07  Marine  
  135  10:11  Starport Tech Lab, Barracks  
  136  10:14  Supply Depot  
  136  10:15  Supply Depot  
  136  10:19  Terran Infantry Weapons Level 1  
  136  10:24  Marine x3  
  139  10:29  Medivac x2  
  143  10:37  Refinery  
  143  10:46  Refinery, Siege Tank x2  
  143  10:48  SCV x2, Widow Mine  
  143  10:49  SCV x2  
  155  10:59  Command Center  
  155  11:00  SCV  
  155  11:01  SCV x3  
  155  11:02  Stimpack  
  155  11:03  Concussive Shells  
  159  11:11  Terran Vehicle Weapons Level 1  
  159  11:22  Orbital Command  
  159  11:25  Raven  
  161  11:26  Barracks Reactor, Sensor Tower  
  161  11:29  Widow Mine x2  
  165  11:52  Marauder, Marine  
  165  11:53  Marauder  
  160  12:00  Siege Tank x3  
  129  12:09  Command Center  
  129  12:10  Marine  
  129  12:11  Factory  
  129  12:13  Marine  
  129  12:14  Terran Infantry Armor Level 1  
  131  12:18  Command Center, Marauder, Marine x2  
  135  12:25  Widow Mine x2  
  135  12:28  Marauder  
  141  12:31  Marine  
  141  12:32  Siege Tank  
  141  12:33  Widow Mine, Barracks  
  139  12:45  Siege Tank  
  139  12:49  Marauder, Marine x4  
  128  12:54  Siege Tank  
  128  12:55  Medivac  
  128  12:56  Medivac  
  129  13:05  Siege Tank  
  132  13:06  Marine  
  132  13:09  Marauder, Marine x2  
  132  13:11  Marauder  
  139  13:17  Command Center  
  139  13:18  Siege Tank  
  142  13:24  Marine, Widow Mine x2  
  142  13:26  Siege Tank  
  150  13:27  Marine  
  150  13:29  Factory  
  150  13:31  Orbital Command  
  150  13:32  Marauder  
  151  13:38  Barracks Tech Lab x2  
  151  13:43  Planetary Fortress  
  151  13:47  Missile Turret  
  151  13:49  Missile Turret  
  151  13:50  Missile Turret  
  151  13:59  Siege Tank x3  
  160  14:07  Terran Infantry Weapons Level 2  
  160  14:18  Factory Tech Lab  
  160  14:21  Barracks  
  160  14:26  Barracks  
  160  14:27  SCV x2  
  162  14:32  Hellion x2  
  162  14:33  Hellion x2  
  162  14:34  Sensor Tower  
  170  14:50  Marauder, Marine x4  
  167  15:06  Factory Reactor  
  164  15:08  Marine x3  
  167  15:18  Marauder x2  
  162  15:24  Siege Tank x3  
  162  15:26  SCV x3, Marine x3  
  173  15:29  Barracks Reactor  
  173  15:39  Marine x2  
  175  15:43  Marine  
  175  15:44  Marauder, Marine  
  175  15:45  Factory  
  175  15:48  Medivac  
  175  15:49  Medivac x2  
  185  15:50  SCV x3  
  185  15:56  Siege Tank  
  185  15:57  Siege Tank  
  194  16:00  Marine  
  194  16:01  Marauder  
  197  16:12  Planetary Fortress  
  197  16:14  Missile Turret  
  197  16:16  Missile Turret x2  
  197  16:17  Refinery  
  197  16:18  Refinery, Siege Tank  
  200  16:19  Missile Turret  
  200  16:23  Starport  
  200  16:31  Sensor Tower  
  200  16:39  Marauder, Marine  
  188  16:48  Marauder, Marine x4  
  170  16:55  Siege Tank  
  170  16:56  Siege Tank x2  
  170  16:57  Marine  
  170  17:00  Marine  
  173  17:06  Marine x4  
  173  17:07  Liberator x2  
  173  17:08  Liberator x2  
  189  17:09  Marine  
  189  17:14  Marine  
  191  17:18  Marine  
  192  17:23  Medivac x2  
  192  17:24  Marine x4  
  157  17:56  Marauder, Marine x5  
  157  17:57  Marauder  
  132  18:01  Widow Mine x4  
  132  18:02  Widow Mine x4  
  148  18:09  Supply Depot, Missile Turret  
  148  18:14  Marine x3  
  148  18:18  Planetary Fortress  
  151  18:21  Liberator x5  
  151  18:22  Widow Mine  
  151  18:23  Widow Mine  
  151  18:26  Missile Turret  
  170  18:29  Missile Turret  
  137  18:52  Marine x6  
  137  18:53  Marine  
  128  19:00  Factory Tech Lab  
  128  19:01  SCV x4  
  130  19:04  Medivac, Liberator x3  
  130  19:05  Command Center  
  130  19:08  SCV x2  
  141  19:10  Marine  
  141  19:16  Marine x5  
  141  19:17  Marine  
  148  19:27  Terran Infantry Armor Level 2  
  148  19:28  Marine  
  149  19:33  Missile Turret  
  149  19:34  Missile Turret, Marine x4  
  149  19:35  Missile Turret, Marauder x2  
  157  19:38  Siege Tank  
  157  19:39  Siege Tank x2  
  157  19:45  Marine  
  157  19:51  Siege Tank  
  147  20:00  Viking  
  147  20:11  Siege Tank  
  147  20:20  Marauder, Marine x4  
  147  20:21  Marine x2  
  137  20:38  Marine x4  
  137  20:39  Marine x2  
  137  20:41  Marine  
  139  20:56  Marine x4  
  140  20:57  Marauder x2  
  140  20:59  Marine  
  145  21:06  Widow Mine x2  
  145  21:07  Widow Mine  
  145  21:08  SCV  
  152  21:13  Marine  
  152  21:14  Marine x3  
  152  21:17  Marauder  
  136  21:23  Marauder x2  
  136  21:24  SCV  
  125  21:29  SCV  
  125  21:30  SCV  
  125  21:31  Marine x3  
  112  21:41  Widow Mine x5  
  112  21:43  Terran Infantry Weapons Level 3  
  111  21:49  Widow Mine x3  
  111  21:50  SCV x3  
  108  22:02  Widow Mine x2  
Tags
 
Add a new tag
Caveats
  • Supply blocks, unpowered buildings, or Contaminate may cause inaccurate times.
  • Supply counts are checked every 10 seconds.